AoeStats
← Razzle D. Tuna

Arena

510054175Analyzed
4v4 RM · 4d ago on Sep 29, 2026· 57m 57s· 8 players
Game mode
Random Map
Map size
Large (8 player)
Population
200
Speed
Normal
Resources
Standard
Victory
Conquest
Starting age
Dark Age
Ending age
Imperial Age
RankedLock teamsTeams togetherTeam positionsShared explorationLock speedFull tech treeHidden civsTurbo modeCheats
Victory
Defeat
🇹🇼 Turks · Taiwan
1078
+9
🇩🇪 Gurjaras · Germany
1045
+33
🇳🇿 Lithuanians · New Zealand
1012
+11
🇺🇸 Persians · United States
941
+38
🇦🇺 Turks · Australia
1010
-15
🇦🇺 Slavs · Australia
951
-13
🇦🇺 Vietnamese · Australia
918
-11
🇦🇺 Britons · Australia
714
-5
chichimp
10:49 Feudal Age
14:24 Castle Age
12:32 Horse Collar
12:59 Double-Bit Axe
17:27 Heavy Plow
18:52 Forging
26:37 Bloodlines
27:06 Scale Barding Armor
30:19 Wheelbarrow
31:00 Chain Barding Armor
32:11 Iron Casting
39:20 Hand Cart
42:26 Imperial Age
42:42 Elite Leitis
43:59 Plate Barding Armor
45:15 Gold Mining
48:58 Loom
50:32 Town Watch
53:22 Bow Saw
Dakaj
11:22 Feudal Age
12:55 Wheelbarrow
16:57 Scale Barding Armor
16:55 Scale Mail Armor
17:02 Padded Archer Armor
16:53 Fletching
17:22 Horse Collar
17:41 Double-Bit Axe
19:12 Stone Mining
19:14 Gold Mining
20:34 Horse Collar
25:45 Castle Age
26:40 Hand Cart
29:59 Bow Saw
29:52 Heavy Plow
31:11 Gold Mining
31:59 Stone Shaft Mining
42:06 Imperial Age
40:49 Bodkin Arrow
41:47 Gold Shaft Mining
42:28 Leather Archer Armor
43:04 Chain Barding Armor
42:55 Elite Elephant Archer
44:02 Chain Barding Armor
44:58 Chemistry
43:41 Treadmill Crane
45:02 Chemistry
44:14 Masonry
44:26 Ballistics
46:04 Fortified Wall
45:50 Murder Holes
45:46 Heated Shot
46:10 Kshatriyas
50:03 Husbandry
49:38 Elite Shrivamsha Rider
53:12 Plate Barding Armor
52:38 Scale Mail Armor
52:49 Forging
52:40 Bracer
54:52 Sappers
57:01 Chain Mail Armor
57:22 Iron Casting
57:22 Architecture
56:44 Guard Tower
CaTiiRe8967
0:58 Loom
12:42 Feudal Age
14:59 Wheelbarrow
16:54 Horse Collar
25:00 Castle Age
25:35 Heavy Plow
27:55 Forging
33:08 Man-at-Arms
34:35 Iron Casting
34:46 Scale Barding Armor
34:51 Murder Holes
35:07 Long Swordsman
35:50 Scale Mail Armor
37:30 Town Watch
38:40 Stone Mining
41:29 Chain Mail Armor
44:00 Guard Tower
44:49 Hand Cart
45:47 Siphons
46:12 Gambesons
CyanCheese20019
12:20 Feudal Age
16:29 Castle Age
14:57 Double-Bit Axe
15:04 Gold Mining
20:53 Imperial Age
23:20 Padded Archer Armor
26:55 Horse Collar
27:26 Bow Saw
27:51 Loom
30:12 Wheelbarrow
30:01 Leather Archer Armor
33:26 Hand Cart
34:50 Ring Archer Armor
40:00 Ballistics
39:51 Fortified Wall
41:32 Bombard Tower
45:58 Fletching
46:22 Fortified Wall
46:58 Bodkin Arrow
48:11 Two-Man Saw
49:48 Town Watch
Jay
0:42 Loom
10:21 Feudal Age
11:37 Wheelbarrow
10:51 Double-Bit Axe
10:48 Horse Collar
18:58 Castle Age
19:59 Hand Cart
23:18 Bow Saw
23:37 Heavy Plow
27:03 Forging
28:19 Stone Mining
28:21 Gold Mining
31:28 Imperial Age
31:56 Iron Casting
31:27 Scale Barding Armor
31:42 Bloodlines
31:33 Husbandry
33:18 Two-Man Saw
33:41 Elite Janissary
36:01 Artillery
38:05 Ballistics
38:12 Chain Barding Armor
38:52 Blast Furnace
37:25 Heavy Camel Rider
42:36 Fletching
42:45 Murder Holes
PetForMeows
5:23 Loom
10:02 Feudal Age
10:37 Double-Bit Axe
12:19 Scale Mail Armor
12:32 Forging
14:52 Wheelbarrow
17:21 Castle Age
16:10 Fletching
17:24 Horse Collar
18:41 Bow Saw
18:05 Pikeman
18:46 Squires
20:14 Hand Cart
20:44 Heavy Plow
21:04 Chain Mail Armor
26:00 Bodkin Arrow
27:18 Elite Skirmisher
32:33 Padded Archer Armor
33:25 Hand Cart
Razzle D. Tuna
3:01 Loom
10:56 Feudal Age
13:07 Double-Bit Axe
17:04 Wheelbarrow
19:59 Castle Age
17:50 Horse Collar
18:16 Man-at-Arms
19:21 Stone Mining
19:25 Gold Mining
27:39 Padded Archer Armor
27:30 Fletching
28:45 Gold Shaft Mining
28:27 Bow Saw
30:01 Ballistics
29:59 Leather Archer Armor
31:56 Pikeman
Jack
3:58 Loom
11:14 Feudal Age
11:44 Double-Bit Axe
11:42 Horse Collar
19:13 Castle Age
17:20 Arson
22:11 Wheelbarrow
23:28 Bow Saw
23:40 Stone Mining
23:41 Gold Mining
24:57 Heavy Plow
26:25 Squires
25:46 Pikeman
27:50 Padded Archer Armor
27:41 Fletching
27:53 Scale Mail Armor
28:03 Forging
29:06 Elite Skirmisher
35:42 Imperial Age
33:28 Hand Cart
34:51 Ballistics
34:27 Murder Holes
34:44 Fortified Wall
34:57 Leather Archer Armor
34:37 Bodkin Arrow
36:29 Stone Shaft Mining
35:47 Halberdier
38:09 Chemistry
36:41 Imperial Skirmisher
38:33 Chain Mail Armor
38:29 Forging
38:19 Bracer
38:50 Ring Archer Armor
47:04 Elite Rattan Archer
Connection lost

Rejoining the realm…

Still unreachable

The connection could not be restored.

Session expired

The server has moved on; the page needs a fresh start.